 Dungeon Crawl Stone Soup version 0.24-a0-493-g7e4ddcd485 (webtiles) character file.

Game seed: 13965179150056706475

66 KristoblXynda the Slasher (level 3, 0/29 HPs)
             Began as a Draconian Skald on July 12, 2019.
             Slain by a gnoll
             ... wielding a +0 spear
              (4 damage)
             ... on level 2 of the Dungeon.
             The game lasted 00:02:32 (2313 turns).

KristoblXynda the Slasher (Draconian Skald)         Turns: 2313, Time: 00:02:33

Health: 0/29       AC:  5    Str: 14    XL:     3   Next: 96%
Magic:  0/6        EV: 12    Int: 13    God:
Gold:   147        SH:  0    Dex: 10    Spells: 0/6 levels left

rFire    . . .     SeeInvis .   a - +0 falchion
rCold    . . .     Gourm    .   (no shield)
rNeg     + . .     Faith    .   (armour unavailable)
rPois    .         Spirit   .   (helmet restricted)
rElec    .         Reflect  .   (no cloak)
rCorr    .         Harm     .   (no gloves)
MR       .....                  (no boots)
Stlth    +.........             (no amulet)
HPRegen  0.09/turn              k - ring of positive energy
MPRegen  0.10/turn              (no ring)

@: very slightly contaminated
A: unfitting armour, cold-blooded, AC +5
a: no special abilities


You were on level 2 of the Dungeon.
You were hungry.

You visited 1 branch of the dungeon, and saw 2 of its levels.

You collected 147 gold pieces.

Inventory:

Hand Weapons
 a - a +0 falchion (weapon)
Jewellery
 k - a ring of positive energy (left hand)
Scrolls
 b - 2 scrolls of enchant armour {unknown}
 e - 2 scrolls of identify
 g - a scroll of immolation {unknown}
 i - 2 scrolls of teleportation {unknown}
Potions
 d - a potion of invisibility
 f - a potion of might
 j - a potion of brilliance
Comestibles
 c - a ration


   Skills:
 - Level 2.1 Fighting
 * Level 3.3 Long Blades
 + Level 2.7 Dodging
 - Level 2.0 Spellcasting
 + Level 3.1 Charms


You couldn't memorise any spells.
You knew the following spells:

 Your Spells              Type           Power        Failure   Level  Hunger
a - Infusion              Chrm           #...         7%          1    ##.....
b - Regeneration          Chrm/Necr      #.........   36%         3    ####...
c - Song of Slaying       Chrm           #.......     11%         2    ###....

Your spell library contained the following spells:

 Spells                   Type           Power        Failure   Level  Hunger
 Shroud of Golubria       Chrm/Tloc      #.....       21%         2    ###....
 Spectral Weapon          Hex/Chrm       #.......     36%         3    ####...


Dungeon Overview and Level Annotations

Branches:
Dungeon (2/15)

Altars:
Nemelex Xobeh


Innate Abilities, Weirdness & Mutations

Your plain brown scales are hard. (AC +5)
You cannot fit into any form of body armour.
You are cold-blooded and may be slowed by cold attacks.


Message History

Casting: Regeneration (slightly dangerous; 36% risk of failure)
Confirm with . or Enter, or press ? or * to list all spells.
You miscast Regeneration.
Pain shoots through your body. The gnoll barely misses you.
You hit the gnoll but do no damage.
The gnoll is lightly wounded.
The gnoll hits you with a +0 spear!
* * * LOW HITPOINT WARNING * * *
You feel better. The gnoll hits you but does no damage.
You hit the gnoll.
You tail-slap the gnoll, but do no damage.
The gnoll is heavily wounded.
The gnoll hits you with a +0 spear!
* * * LOW HITPOINT WARNING * * *
You closely miss the gnoll.
The gnoll is heavily wounded.
The gnoll hits you with a +0 spear.
* * * LOW HITPOINT WARNING * * *
The gnoll hits you from afar with a +0 spear.
You die...

#.#.##.#.###..####
#.#.##..## ##<##.##
######.#.####.###.##.#.##
..........^..#.#..#.###.##
..........#.###....## ##.#
.#####.#..##.#..).#.###.##
.g.....#....((g......#...#
#########.###..<...##.##.#
#.# ##..@#.##.##.### ##.##
##............#
######...#######.##.##.#.##
#........(.....#.##.##....#
#.####.[.##...............#
#.# ##.###...>########...#
#.# #.# #.#.## ##### #.#
#.# #.#.# #.# #.# #.#.#


You could see a gnoll.

Vanquished Creatures
  A gnoll (D:2)
  2 adders (D:2)
  A dart slug (D:1)
  2 giant cockroaches
  6 goblins
  2 hobgoblins
  6 kobolds
  6 bats
  6 frilled lizards
  4 rats
36 creatures vanquished.

Notes
Turn   | Place    | Note
-------+----------+-------------------------------------------
     0 | D:1      | KristoblXynda the Draconian Skald began the quest for the
                  | Orb.
     0 | D:1      | Reached XP level 1. HP: 17/17 MP: 3/3
   450 | D:1      | Reached XP level 2. HP: 11/24 MP: 5/5
  1375 | D:2      | Reached XP level 3. HP: 27/29 MP: 6/6
  1480 | D:2      | Found a sparkling altar of Nemelex Xobeh.
  2293 | D:1      | Learned a level 3 spell: Regeneration
  2296 | D:1      | Learned a level 2 spell: Song of Slaying
  2313 | D:2      | Slain by a gnoll

Levels and vault maps discovered:
D:1:      psy_arrival_whirlpool, layout_basic
D:2:      layout_loops_ring, nemelex_xobeh_ov_fountains_minmay,
          chequers_ecumenical_altar_lobes, first_ration

Skill      XL: |  1  2  3 |
---------------+----------+-----
Charms         | 3 |  3.1
Long Blades    | 3 |  3.3
Fighting       | |  2.1
Dodging        | |  2.7
Spellcasting   | |  2.0

Action                   || total
-------------------------++-------
Melee: Falchion          ||   120
       Tailslap          ||     9
  Use: Scroll            ||     4
       Potion            ||     1
  Eat: Chunk             ||     4
Armor: Skin              ||    58
Dodge: Dodged            ||   102
       Rpst.: Falchion   ||    35

Table legend:
 A = Non-vault XP
 B = Vault XP
 C = Vault XP percentage of total XP
 D = Non-vault monster count
 E = Vault monster count
 F = Vault count percentage of total count
                 A         B        C        D         E       F
            +---------+---------+-------+---------+---------+-------
      Total |      95 |       0 |   0.0 |      36 |       0 |   0.0
            +---------+---------+-------+---------+---------+-------
        D:1 |      30 |       0 |   0.0 |      18 |       0 |   0.0
        D:2 |      65 |       0 |   0.0 |      18 |       0 |   0.0
            +---------+---------+-------+---------+---------+-------
